[Event "Live Chess"]
[Site "Chess.com"]
[Date "2023.05.21"]
[Round "-"]
[White "DaveL5678"]
[Black "AlanPaling"]
[Result "0-1"]
[WhiteElo "1009"]
[BlackElo "1384"]
[TimeControl "300"]
[EndTime "16:51:43 PDT"]
[Termination "AlanPaling won on time"]

1. e4 Nf6 2. e5 Nd5 3. c4 Nb6 4. b3 d6 5. exd6 cxd6 6. Nf3 Bg4 7. Be2 e6 8. O-O Be7 9. Re1 Bf6 10. Nc3 O-O 11.
Rb1 d5 12. cxd5 Nxd5 13. Ba3 Nxc3 14. dxc3 Re8 15. Qxd8 Rxd8 16. h3 Bh5 17. Rbd1 Nc6 18. Bd6 Bxc3 19. Rf1 Bb4 20. Bxb4 Nxb4 21. Rxd8+ Rxd8 22. g4 Bg6 23. a3 Nd5 24. Ne5 Bc2 25. Rc1 Bxb3 26. Rc5 b6 27. Rc6 Ba4 28. Rc4 Bb5 29. Rc2 Bxe2 30. Rxe2 g6 31. Rd2 Rc8 32. Nd7 Rc7 33.
Ne5 Rc3 34. a4 Kg7 35. Kg2 Ra3 36. Nf3 Rxa4 37. Nd4 h6 38. Nc6 a6 39. Nd8 b5 0-1

[Event "Live Chess"]
[Site "Chess.com"]
[Date "2023.05.21"]
[Round "-"]
[White "NAZRIZ1977"]
[Black "Missedidea"]
[Result "0-1"]
[WhiteElo "2032"]
[BlackElo "1839"]
[TimeControl "300"]
[EndTime "16:52:04 PDT"]
[Termination "Missedidea won by resignation"]

1. d4 Nf6 2. Nc3 c5 3. d5 d6 4. e4 g6 5. Bb5+ Bd7 6. Be2 Bg7 7. a4 Na6 8. Nf3 Nc7 9. Nd2 O-O 10. Nc4 b6 11.
O-O Rb8 12. f4 a6 13. e5 Nfe8 14. exd6 exd6 15. Ne4 Bf5 16. Bf3 b5 17. Na5 Qd7 18.
Nc6 Rb6 19. a5 Rxc6 20. dxc6 Qe7 21. Re1 Qh4 22. Nxd6 Nxd6 23. g3 Qf6 0-1

[Event "Live Chess"]
[Site "Chess.com"]
[Date "2023.05.21"]
[Round "-"]
[White "raminguy"]
[Black "1600x"]
[Result "1-0"]
[WhiteElo "1972"]
[BlackElo "1828"]
[TimeControl "300"]
[EndTime "16:52:05 PDT"]
[Termination "raminguy won by checkmate"]

1. d4 e5 2. dxe5 Nc6 3. Nf3 d6 4. Bg5 f6 5. exf6 Nxf6 6. Nc3 h6 7. Bh4 g5 8. Bg3 Bg7 9. e3 Nh5 10. Bb5 O-O 11. Qd5+ Kh8 12. Bxc6 bxc6 13. Qxc6 Bd7 14. Qd5 Rf5 15. Qd3 Qb8 16. O-O-O Nxg3 17. hxg3 g4 18. Nd4 Rxf2 19. Qg6 Rf6 20. Rxh6+ Bxh6 21. Qxf6+ Bg7 22. Qg6 Bf6 23. Qxf6+ Kg8 24. Rh1 Qxb2+ 25. Kxb2 Rb8+ 26. Kc1 Rb1+ 27. Nxb1 d5 28. Rh8# 1-0

[Event "Live Chess"]
[Site "Chess.com"]
[Date "2023.05.21"]
[Round "-"]
[White "PaulyD81"]
[Black "mattihelenius2"]
[Result "1-0"]
[WhiteElo "1149"]
[BlackElo "489"]
[TimeControl "300"]
[EndTime "16:52:12 PDT"]
[Termination "PaulyD81 won by checkmate"]

1. d4 d5 2. c4 dxc4 3. e3 Nc6 4. Bxc4 Nf6 5. Nf3 Ne4 6. Nc3 f5 7. Ng5 Nxg5 8. e4 fxe4 9. Bxg5 Qxd4 10. Qxd4 Nxd4 11. O-O Nc2 12. Rac1 h6 13. Bf4 Nd4 14. Nxe4 Bf5 15. Ng3 Bg4 16. h3 Ne2+ 17. Nxe2 Bxe2 18. Bxe2 Rd8 19. Bb5+ c6 20. Ba4 g5 21. Bc7 Rd7 22.
Be5 Rg8 23. Bb3 Rg6 24. Rcd1 Rxd1 25. Rxd1 Re6 26. Bxe6 Bg7 27. Bxg7 b5 28. Bd7+ Kf7 29. Bxh6 Kg6 30. Bf8 a6 31. Be8+ Kf6 32. Re1 Kf5 33. Bxe7 Kf4 34. Bd7 g4 35. Bxg4 c5 36. Bd6+ Kg5 37.
Re5+ Kf6 38. h4 Kg7 39. h5 Kh6 40. Re6+ Kg5 41. Rg6+ Kh4 42. Be7# 1-0

[Event "Live Chess"]
[Site "Chess.com"]
[Date "2023.05.21"]
[Round "-"]
[White "birdseed45"]
[Black "stevochess11"]
[Result "0-1"]
[WhiteElo "1867"]
[BlackElo "1776"]
[TimeControl "300"]
[EndTime "16:52:16 PDT"]
[Termination "stevochess11 won by checkmate"]

1. e4 c5 2. Nf3 g6 3. d4 cxd4 4. Nxd4 Nc6 5. Nc3 Bg7 6. Nxc6 bxc6 7. Be3 Nf6 8. Bc4 O-O 9. O-O d6 10. h3 Rb8 11. Rb1 a5 12. a3 Nd7 13. Ne2 Rxb2 14. Bd4 Rxb1 15. Qxb1 Ne5 16. Ba2 c5 17. Ba1 Bxh3 18.
gxh3 Nf3+ 19. Kg2 Nd2 20. Qd1 Nxf1 21. Qxf1 Qa8 22. f3 Qa6 23. Bxg7 Kxg7 24. Qf2 Rb8 25.
Bb3 a4 26. Bd5 Rb2 27. Nc1 e6 28. Nd3 Qxd3 29. cxd3 Rxf2+ 30. Kxf2 exd5 31. exd5 Kf6 32. Ke3 Ke5 33. h4 Kxd5 34. Kf4 Kd4 35. Kg5 Kxd3 36.
Kf6 c4 37. Kxf7 c3 38. Kg7 c2 39. Kxh7 c1=Q 40. Kxg6 Qg1+ 41. Kh6 Ke3 42. h5 Kf4 43. Kh7 Qg5 44. h6 Kf5 45. Kh8 Qxh6+ 46. Kg8 Kf6 47. f4 Qg7# 0-1

[Event "Live Chess"]
[Site "Chess.com"]
[Date "2023.05.21"]
[Round "-"]
[White "Biranidun"]
[Black "smoggyrabbit"]
[Result "1-0"]
[WhiteElo "2655"]
[BlackElo "1753"]
[TimeControl "300"]
[EndTime "16:52:57 PDT"]
[Termination "Biranidun won by resignation"]

1. e4 e6 2. d4 d5 3. e5 c5 4. c3 Nc6 5. Nf3 Bd7 6. Bd3 Rc8 7. a3 c4 8. Bc2 Na5 9. O-O Bc6 10. Nbd2 Qd7 11.
Ng5 h6 12. Qh5 b6 13. Nxf7 Nb7 14. Nxh8+ Kd8 15. f4 Ne7 16. f5 Nxf5 17. Bxf5 exf5 18. Rxf5 Be7 19. Ng6 Bg5 20. Rf8+ Kc7 21. Rxc8+ Kxc8 22. Nf3 Bxc1 23. Rxc1 Qf7 24. e6 Qxe6 25. Re1 Qf6 26. Ne7+ Kc7 27. Nxc6 Kxc6 28. Qe8+ 1-0

[Event "Live Chess"]
[Site "Chess.com"]
[Date "2023.05.21"]
[Round "-"]
[White "LiamBellwood"]
[Black "KeithArkell"]
[Result "1/2-1/2"]
[WhiteElo "2058"]
[BlackElo "2606"]
[TimeControl "300"]
[EndTime "16:53:00 PDT"]
[Termination "Game drawn by repetition"]

1. d4 e6 2. Bf4 c5 3. c4 cxd4 4. Nf3 Nc6 5. Nxd4 Nxd4 6. Qxd4 Nf6 7. Nc3 Qb6 8. Qxb6 axb6 9. Nb5 Bb4+ 10. Bd2 Bxd2+ 11.
Kxd2 Ke7 12. e3 d6 13. g3 Bd7 14. Nc3 Bc6 15. Rg1 Ne4+ 16. Nxe4 Bxe4 17. Bd3 Bxd3 18.
Kxd3 Rhc8 19. a3 Rc5 20. Rac1 Kd7 21. e4 b5 22. cxb5 Rxb5 23. Rc2 Rb3+ 24. Ke2 Ra6 25.
Rgc1 Rc6 26. Kd2 g5 27. Rxc6 bxc6 28. Rc2 c5 29. Kc1 g4 30. Rc3 Rxc3+ 31. bxc3 d5 32.
exd5 exd5 33. Kd2 Kc6 34. Ke3 Kb5 35. Kf4 d4 36. cxd4 cxd4 37. a4+ Kc4 38. a5 d3 39. a6 d2 40. a7 d1=Q 41. a8=Q Qd2+ 42. Kxg4 Qxf2 43.
Qe4+ Kc5 44. Qxh7 Kd6 45. Qf5 Qe2+ 46. Qf3 Qe6+ 47. Qf5 Qe2+ 48. Qf3 Qxh2 49. Qxf7 Qe2+ 50. Qf3 Qe6+ 51. Qf5 Qe2+ 52. Kg5 Ke7 53. Qf6+ Ke8 54. g4 Qd2+ 55. Kg6 Qc2+ 56. Qf5 Qc6+ 57. Qf6 Qc2+ 58. Kg7 Qc7+ 59. Kg6 Qc2+ 1/2-1/2

[Event "Live Chess"]
[Site "Chess.com"]
[Date "2023.05.21"]
[Round "-"]
[White "Singapourfeuj"]
[Black "laminaaprod"]
[Result "0-1"]
[WhiteElo "2199"]
[BlackElo "2227"]
[TimeControl "300"]
[EndTime "16:53:22 PDT"]
[Termination "laminaaprod won by resignation"]

1. d4 d5 2. c4 e6 3. Nf3 c5 4.
Nc3 Nc6 5. cxd5 exd5 6. e3 Nf6 7. Bb5 Be7 8. O-O O-O 9. dxc5 Bxc5 10. a3 a6 11.
Bxc6 bxc6 12. b4 Bd6 13. Bb2 Bg4 14. h3 Bh5 15. Re1 Bc7 16. g3 Qe7 17. Kg2 Rad8 18. Qd4 Bxf3+ 19. Kxf3 Be5 20. Qh4 Qe6 21. Kg2 Rc8 22.
Na4 Bxb2 23. Nxb2 c5 24. bxc5 Rxc5 25. Rac1 Rfc8 26. Nd3 Rxc1 27. Rxc1 Rxc1 28. Nxc1 d4 29. Qxd4 Qc6+ 30. Kh2 h6 31. Nd3 Qf3 32. Kg1 Ne4 33. a4 Qd1+ 34. Kg2 Nd2 35. Ne5 Qf1+ 36. Kh2 Qxf2+ 37. Kh1 Nf1 38. Qd8+ Kh7 39. Qd3+ g6 40. Qxf1 Qxf1+ 41. Kh2 Qf2+ 42. Kh1 Qxg3 43. Nxf7 Qf3+ 0-1

[Event "Live Chess"]
[Site "Chess.com"]
[Date "2023.05.21"]
[Round "-"]
[White "CheckThis4"]
[Black "chessfiction"]
[Result "1-0"]
[WhiteElo "2546"]
[BlackElo "2327"]
[TimeControl "300"]
[EndTime "16:53:25 PDT"]
[Termination "CheckThis4 won by checkmate"]

1. d4 d6 2. Nc3 Nf6 3. e4 c6 4. f4 Qa5 5. e5 Ne4 6. Qf3 d5 7. Bd3 Na6 8. Ne2 Nb4 9. O-O f5 10. exf6 Nxf6 11. f5 Nxd3 12. cxd3 e6 13. Bg5 Be7 14.
Bxf6 Bxf6 15. Qh5+ Ke7 16. Rae1 exf5 17. Ng3+ Kd8 18.
Nxf5 g6 19. Qh6 Bxf5 20. Rxf5 Bxd4+ 21. Kh1 gxf5 22. Qd6+ Kc8 23. Re7 Qb6 24. Qd7+ Kb8 25. Qd6+ Kc8 26. Qd7+ Kb8 27. Na4 Rd8 28. Re8 Rxe8 29.
Qxe8+ Kc7 30. Qf7+ Kb8 31. Nxb6 axb6 32. a3 Bxb2 33.
Qf8+ Ka7 34. Qxf5 Bxa3 35. Qxh7 b5 36. d4 b4 37. Qd3 Re8 38. h4 Re4 39. g3 b5 40. h5 Bc1 41. Qc2 Re1+ 42. Kg2 Kb7 43. Kf2 Rh1 44. Kg2 Re1 45. Qf2 Rd1 46.
Qf7+ Kb6 47. Qf6 Rd2+ 48. Kh3 Rd1 49. Qd8+ Kb7 50. Qd7+ Kb6 51. Qd8+ Kb7 52. Qe7+ Kb6 53. Qxb4 Be3 54. Qc5+ Kb7 55. Qe7+ Kb6 56. Qxe3 Rb1 57. h6 Rh1+ 58. Kg4 Rf1 59. h7 Rf7 60. Qh6 Rb7 61. h8=Q Ka5 62. Qd8+ Rb6 63. Qd2+ Ka6 64. Qa2+ Kb7 65. Qd7+ Kb8 66. Qaa7# 1-0

[Event "Live Chess"]
[Site "Chess.com"]
[Date "2023.05.21"]
[Round "-"]
[White "CeladonFish"]
[Black "flyingpuffins"]
[Result "1/2-1/2"]
[WhiteElo "1128"]
[BlackElo "1966"]
[TimeControl "300"]
[EndTime "16:53:25 PDT"]
[Termination "Game drawn by repetition"]

1. d4 d5 2. c4 c6 3. Nc3 Nf6 4. Bf4 dxc4 5. Nf3 b5 6. e3 Bb7 7. a4 a6 8. b3 cxb3 9. Qxb3 e6 10. axb5 cxb5 11. Bxb5+ axb5 12. Qxb5+ Bc6 13. Rxa8 Nfd7 14. Rxb8 Nxb8 15. Qxb8 Qxb8 16. Bxb8 Bb4 17. Kd2 Ke7 18. Rb1 Rxb8 19. Rb3 Bd5 20. Rb2 Bd6 21. Nxd5+ exd5 22. Rxb8 Bxb8 23. Kd3 Ke6 24. Nd2 Bxh2 25. g3 h5 26. e4 h4 27. gxh4 g6 28. Nf3 Bf4 29. exd5+ Kxd5 30. Ne5 Bxe5 31. dxe5 Kxe5 32. Ke3 Kf5 33. Kf3 f6 34. Kg3 Ke4 35. Kg4 Kd3 36. f3 Ke3 37. f4 Ke4 38. Kg3 Kf5 39. Kf3 Ke6 40. Kg4 Kd5 41.
f5 gxf5+ 42. Kxf5 Kd6 43. Kxf6 Kd7 44. Kg6 Ke8 45. h5 Kf8 46. h6 Kg8 47. Kh5 Kh8 48.
Kg5 Kg8 49. Kf5 Kh8 50. Kg6 Kg8 51. Kh5 Kh8 52. Kh4 Kg8 53. Kg5 Kh8 54. Kg6 Kg8 1/2-1/2

[Event "Live Chess"]
[Site "Chess.com"]
[Date "2023.05.21"]
[Round "-"]
[White "HD_IN4k"]
[Black "Hussamalhaidar"]
[Result "0-1"]
[WhiteElo "388"]
[BlackElo "1040"]
[TimeControl "300"]
[EndTime "16:53:28 PDT"]
[Termination "Hussamalhaidar won by resignation"]

1. d4 e5 2. dxe5 d6 3. Nf3 Nc6 4. exd6 Bxd6 5. Nd4 Nf6 6. Nxc6 bxc6 7. c4 Qe7 8. e3 Bb7 9. c5 Bxc5 10. Nc3 Bd6 11. f3 O-O-O 12. Ne4 Nxe4 13. fxe4 Bb4+ 14. Bd2 Rxd2 15.
Qc1 Rc2+ 16. Kd1 Rxc1+ 17. Rxc1 Qd6+ 18. Ke2 Qd2+ 19. Kf3 Qxc1 20. h4 Qxb2 21. g3 Qxa2 22. e5 c5+ 23. e4 Re8 24. Bh3+ Kb8 25. Rd1 Bxe4+ 26. Kxe4 Qc2+ 27. Rd3 c4 28. Ke3 Qxd3+ 29. Kf4 h6 30. g4 Qxh3 31. g5 Qxh4+ 32. Kf5 Qxg5+ 33.
Ke4 Rxe5+ 0-1

[Event "Live Chess"]
[Site "Chess.com"]
[Date "2023.05.21"]
[Round "-"]
[White "gmnorfolk"]
[Black "Pablo_dmp"]
[Result "1-0"]
[WhiteElo "2128"]
[BlackElo "1895"]
[TimeControl "300"]
[EndTime "16:53:36 PDT"]
[Termination "gmnorfolk won on time"]

1. d4 Nf6 2. c4 e6 3. Nc3 Bb4 4. Nf3 c5 5. g3 cxd4 6. Nxd4 Nc6 7. Bg2 Qb6 8. Nxc6 bxc6 9. O-O Bxc3 10. bxc3 Ba6 11.
Qd6 Qb8 12. Qc5 Qb6 13. Qa3 Bxc4 14. Be3 Qc7 15. Bc5 d5 16. Rfe1 Nd7 17. Bd6 Qd8 18. e4 Nb6 19. Qc5 Rc8 20. a4 Nd7 21. Qd4 Qf6 22. e5 Qg6 23. Qxa7 h5 24. h4 Qc2 25. Rec1 Qf5 26. Rab1 f6 27. Rb7 Rd8 28. Rxd7 Rxd7 29. Qb8+ Rd8 30. Qc7 Rd7 31. Qxc6 fxe5 32. a5 e4 33. a6 e5 34. a7 Kf7 35. a8=Q Rxa8 36.
Qxa8 Rxd6 37. Qb7+ Rd7 38. Qc6 g5 39. hxg5 Ke7 40. Qc5+ Ke6 41. g6 Qxg6 42. Ra1 Rd6 43. Ra8 Qg4 44. Qc8+ Kf6 45. Qf8+ Kg5 46. Qxd6 Qd1+ 47.
Kh2 1-0

[Event "Live Chess"]
[Site "Chess.com"]
[Date "2023.05.21"]
[Round "-"]
[White "mikkyb4"]
[Black "Shepherds_Pie"]
[Result "0-1"]
[WhiteElo "1037"]
[BlackElo "1926"]
[TimeControl "300"]
[EndTime "16:53:39 PDT"]
[Termination "Shepherds_Pie won by resignation"]

1. e4 e6 2. b3 d5 3. Bb2 d4 4.
Nf3 c5 5. d3 Nc6 6. Nbd2 Nf6 7.
e5 Nd7 8. Nc4 b5 9. Ncd2 Ndxe5 10. Be2 Bd6 11. O-O Bb7 12. Ne4 O-O 13. Bc1 Be7 14. Bg5 f6 15. Bf4 Nxf3+ 16. Bxf3 e5 17. Bg3 Qd7 18. Bh5 f5 19. Nd2 f4 20. Ne4 fxg3 21.
fxg3 Rxf1+ 22. Qxf1 Rf8 23. Qe2 Nd8 24. Bg4 Qc6 25. Bh3 c4 26. bxc4 bxc4 27. Qh5 Bf6 28. Rf1 cxd3 29. cxd3 Ba6 30. Ng5 h6 31. Ne4 Bxd3 32.
Bf5 Bxe4 33. Qg6 Bxf5 34. Qxf5 Be7 0-1

[Event "Live Chess"]
[Site "Chess.com"]
[Date "2023.05.21"]
[Round "-"]
[White "Conradical12"]
[Black "LodeshChess"]
[Result "1-0"]
[WhiteElo "1584"]
[BlackElo "1134"]
[TimeControl "300"]
[EndTime "16:53:46 PDT"]
[Termination "Conradical12 won by checkmate"]

1. e4 c6 2. Nf3 d5 3. exd5 cxd5 4. d4 Bg4 5. c4 Nf6 6. Nc3 e6 7. Bg5 Be7 8. Be2 Bxf3 9. Bxf3 dxc4 10. Bxb7 Nbd7 11.
Bxa8 Qxa8 12. Bxf6 Bxf6 13. O-O O-O 14. d5 exd5 15. Nxd5 Bxb2 16. Rb1 Be5 17. Ne7+ Kh8 18. Qxd7 Rd8 19. Qf5 f6 20. Rbe1 Qb8 21. Re3 Bxh2+ 22. Kh1 Bf4 23. Rh3 Bh6 24. Rxh6 gxh6 25. Qxf6# 1-0

[Event "Live Chess"]
[Site "Chess.com"]
[Date "2023.05.21"]
[Round "-"]
[White "NAZRIZ1977"]
[Black "AlanPaling"]
[Result "1-0"]
[WhiteElo "2033"]
[BlackElo "1383"]
[TimeControl "300"]
[EndTime "16:54:19 PDT"]
[Termination "NAZRIZ1977 won by resignation"]

1. d4 e5 2. e4 exd4 3. c3 dxc3 4.
Bc4 Nc6 5. Nf3 a6 6. O-O Nf6 7. Ng5 Ne5 8. Bb3 h6 9. f4 d5 10. fxe5 hxg5 11. exf6 Bc5+ 12. Kh1 O-O 13. fxg7 dxe4 14.
gxf8=Q+ 1-0

[Event "Live Chess"]
[Site "Chess.com"]
[Date "2023.05.21"]
[Round "-"]
[White "ClassyChameleon"]
[Black "Cimon"]
[Result "0-1"]
[WhiteElo "1072"]
[BlackElo "1874"]
[TimeControl "300"]
[EndTime "16:54:29 PDT"]
[Termination "Cimon won by resignation"]

1. e4 c5 2. Nc3 Nc6 3. Bc4 e6 4. d3 d6 5. Nf3 Nf6 6. O-O Be7 7. Bg5 O-O 8. d4 a6 9. dxc5 dxc5 10. Qxd8 Rxd8 11.
e5 Nd5 12. Bxd5 exd5 13. Bxe7 Nxe7 14. Rad1 Bg4 15. Rd3 b5 16. a4 b4 17. Na2 a5 18. b3 h6 19. Nh4 Be2 20. Nf5 Nxf5 21. Nc1 Bxf1 22. Kxf1 c4 23. bxc4 dxc4 24. Rf3 g6 25. h3 Rd1+ 26. Ke2 Rxc1 27. g4 Nd4+ 0-1

[Event "Live Chess"]
[Site "Chess.com"]
[Date "2023.05.21"]
[Round "-"]
[White "domrobson"]
[Black "Long1968"]
[Result "1-0"]
[WhiteElo "1784"]
[BlackElo "1130"]
[TimeControl "300"]
[EndTime "16:54:34 PDT"]
[Termination "domrobson won on time"]

1. d4 e6 2. c4 d5 3. Nf3 Nf6 4.
Nc3 Bb4 5. Bg5 O-O 6. e3 Nbd7 7. Rc1 c6 8. a3 Bd6 9. e4 dxe4 10. Nxe4 Be7 11. Bd3 Nxe4 12. Bxe7 Qxe7 13. Bxe4 Nf6 14. Bb1 b6 15. O-O Bb7 16. Re1 Rad8 17. Qc2 g6 18. c5 Rd5 19. b4 Rh5 20. Ne5 Nd5 21. g4 Qg5 22. Kh1 Rh3 23. f3 Qh6 24. Qg2 Nf4 25.
Qd2 f6 26. Nd3 Rxf3 27. Nxf4 Qxf4 28. Qxf4 Rxf4 29. Rxe6 1-0

[Event "Live Chess"]
[Site "Chess.com"]
[Date "2023.05.21"]
[Round "-"]
[White "therealab0ne"]
[Black "LiamClery2020"]
[Result "0-1"]
[WhiteElo "708"]
[BlackElo "2043"]
[TimeControl "300"]
[EndTime "16:55:09 PDT"]
[Termination "LiamClery2020 won by resignation"]

1. e4 Nf6 2. e5 Nd5 3. Nf3 d6 4.
Bc4 Nb6 5. d3 Nxc4 6. dxc4 Nc6 7. exd6 cxd6 8. O-O Bg4 9. Nc3 Ne5 10. Kh1 Qd7 11. Nb1 Bxf3 12. gxf3 Qh3 13. Bf4 Nxf3 14. Nd2 Nh4 15. Rg1 e5 16. Bg3 Nf5 17. Qf1 Qxf1 18. Raxf1 Nxg3+ 19. Rxg3 g6 20. b4 Bg7 21. Ne4 Rd8 22.
Rd3 Ke7 23. Rfd1 f5 24. Rxd6 fxe4 25. Rxd8 Rxd8 26. Rd5 Rxd5 27. cxd5 Kd6 28. c4 b5 29. cxb5 Kxd5 30. Kg2 Kc4 31. a3 Kb3 0-1

[Event "Live Chess"]
[Site "Chess.com"]
[Date "2023.05.21"]
[Round "-"]
[White "1600x"]
[Black "DaveL5678"]
[Result "1-0"]
[WhiteElo "1828"]
[BlackElo "1009"]
[TimeControl "300"]
[EndTime "16:55:17 PDT"]
[Termination "1600x won by checkmate"]

1. e4 c6 2. d4 d5 3. e5 Bf5 4. Be2 e6 5. Nc3 c5 6. Nf3 cxd4 7. Bg5 Qb6 8. Nxd4 Bc5 9. Nxf5 Bxf2+ 10. Kf1 exf5 11. Nxd5 Qd4 12. Nc7+ Kd7 13. Nb5 Qxd1+ 14. Rxd1+ Kc6 15. Rd6+ Kc5 16. Nc3 Bd4 17. Na4+ Kb4 18. Rxd4+ Ka5 19. Bd2# 1-0

[Event "Live Chess"]
[Site "Chess.com"]
[Date "2023.05.21"]
[Round "-"]
[White "GEMdzq"]
[Black "WelshTiger"]
[Result "1/2-1/2"]
[WhiteElo "2234"]
[BlackElo "2358"]
[TimeControl "300"]
[EndTime "16:55:22 PDT"]
[Termination "Game drawn by repetition"]

1. e4 c5 2. d4 cxd4 3. c3 Nf6 4. e5 Nd5 5. Qxd4 e6 6. Nf3 Nc6 7. Qe4 f5 8. exf6 Nxf6 9. Qh4 Be7 10. Bd3 O-O 11. Bg5 g6 12. O-O Nd5 13. Re1 Rxf3 14. Bxe7 Ncxe7 15. gxf3 Qf8 16. Nd2 Nf4 17. Bf1 d5 18. c4 Bd7 19. Re5 Nc6 20. Rg5 Nd4 21. Re1 Re8 22. Ree5 Nc6 23. Re3 d4 24. Re4 e5 25. c5 Bf5 26. Rxf4 exf4 27. Qxf4 Qxc5 28. h4 Qe5 29. Qxe5 Nxe5 30. h5 Kg7 31. hxg6 hxg6 32. Rg3 Rc8 33. f4 Nd7 34. Ra3 a6 35. Ra4 d3 36. Rd4 Nc5 37. b4 Ne6 38. Rd7+ Kf6 39. Bxd3 Rc1+ 40. Kh2 Nxf4 41. Bxf5 Kxf5 42. Rf7+ Ke5 43.
Nf3+ Ke4 44. Ng5+ Ke5 45. Nf3+ Ke4 46. Ng5+ Ke5 47. Nf3+ 1/2-1/2

[Event "Live Chess"]
[Site "Chess.com"]
[Date "2023.05.21"]
[Round "-"]
[White "nigelst"]
[Black "Brooms1989"]
[Result "1-0"]
[WhiteElo "1786"]
[BlackElo "1106"]
[TimeControl "300"]
[EndTime "16:55:35 PDT"]
[Termination "nigelst won by checkmate"]

1. e4 e5 2. Nf3 Nc6 3. Bb5 a6 4. Bxc6 dxc6 5. O-O Bd6 6. d4 Qf6 7. dxe5 Bxe5 8. Nxe5 Qxe5 9. f4 Qc5+ 10. Kh1 Ne7 11. Nc3 O-O 12. Qe2 b6 13. Be3 Qd6 14. Rad1 Qb4 15.
Bc1 f5 16. e5 Be6 17. Rf3 Bf7 18. Rh3 Rad8 19. Rf1 Bc4 20. Qf2 Bxf1 21. Qxf1 Nd5 22. Bd2 Nxc3 23. Bxc3 Qe4 24. Rg3 Qxf4 25. Qe1 Rd5 26.
e6 Qe4 27. Rxg7+ Kh8 28. Rg4+ Re5 29. Rxe4 fxe4 30. Bxe5+ Kg8 31. Qg3# 1-0

[Event "Live Chess"]
[Site "Chess.com"]
[Date "2023.05.21"]
[Round "-"]
[White "chessfiction"]
[Black "Singapourfeuj"]
[Result "1-0"]
[WhiteElo "2332"]
[BlackElo "2194"]
[TimeControl "300"]
[EndTime "16:55:45 PDT"]
[Termination "chessfiction won by resignation"]

1. e4 c5 2. d4 cxd4 3. c3 dxc3 4.
Nxc3 Nc6 5. Bg5 a6 6. Bc4 d6 7. Qb3 Nd4 8. Bxf7+ Kd7 9. Qa4+ b5 10. Qxd4 e5 11. Qd5 Qxg5 12. Qxa8 Nh6 13. Qa7+ Kd8 14. Nd5 Nxf7 15. Qc7+ Ke8 16. Qxc8+ Nd8 17. Nb6 Be7 18.
Qd7+ Kf7 19. Nd5 Ne6 20. Nf3 Qxg2 21. Qxe7+ Kg6 22. Nh4+ Kh5 23. Nxg2 1-0

[Event "Live Chess"]
[Site "Chess.com"]
[Date "2023.05.21"]
[Round "-"]
[White "GMHarry-youtube"]
[Black "jimwad"]
[Result "1-0"]
[WhiteElo "2022"]
[BlackElo "1207"]
[TimeControl "300"]
[EndTime "16:55:51 PDT"]
[Termination "GMHarry-youtube won by checkmate"]

1. e4 e5 2. Nf3 Nc6 3. Bc4 Bc5 4. c3 Nf6 5. d3 O-O 6. O-O d6 7. h3 h6 8. a4 a5 9. Be3 Bxe3 10. fxe3 Be6 11. Bxe6 fxe6 12. Qb3 b6 13. Qxe6+ Kh8 14. Nh4 Kh7 15. Qf5+ Kg8 16. Qg6 Ne7 17. Qg3 Nh5 18.
Qh2 Rxf1+ 19. Kxf1 Qf8+ 20. Nf3 Ng6 21. Ke2 Nf6 22. Nbd2 Re8 23. Rf1 Qe7 24. g4 Nh7 25. Qg3 Ng5 26. Nxg5 Qxg5 27. Rf5 Qe7 28. Rh5 Rf8 29. Nf3 Kh7 30. Rf5 Rxf5 31. gxf5 Nh8 32. Nh4 Qf6 33. Kf3 Nf7 34. Qg6+ Qxg6 35. fxg6+ Kg8 36.
gxf7+ Kxf7 37. Kg4 g5 38. Nf5 Kf6 39. Nxh6 Kg6 40.
Nf5 Kf6 41. Kh5 g4 42. hxg4 Kf7 43. g5 Kg8 44. g6 Kh8 45. g7+ Kg8 46. Kg6 d5 47. Ne7# 1-0

[Event "Live Chess"]
[Site "Chess.com"]
[Date "2023.05.21"]
[Round "-"]
[White "elvenstar"]
[Black "LL220284LL"]
[Result "1/2-1/2"]
[WhiteElo "1564"]
[BlackElo "2347"]
[TimeControl "300"]
[EndTime "16:56:05 PDT"]
[Termination "Game drawn by repetition"]

1. e4 c5 2. f4 Nc6 3. Nf3 d6 4. Bc4 h6 5. O-O Bg4 6. d3 Nf6 7. c3 e6 8. Be3 Be7 9. Nbd2 O-O 10. Qc2 d5 11. exd5 exd5 12. Bb5 Qc7 13. Bxc6 Qxc6 14.
Ne5 Qc7 15. Ndf3 Bd6 16. Rac1 Rae8 17. d4 Ne4 18. Nxg4 b6 19. Nge5 Re7 20. Qb3 c4 21.
Qc2 Rfe8 22. Nd2 f6 23. Ng6 Rd7 24. Nxe4 Rxe4 25. Qf2 Rd8 26. b3 Rde8 27. Rfe1 Qf7 28. f5 Qc7 29. g3 b5 30. Nf4 Bxf4 31. Bxf4 Qa5 32. Rxe4 Rxe4 33. Re1 Qxc3 34. Rxe4 dxe4 35. Be3 cxb3 36. axb3 Qxb3 37. Qf4 Qd1+ 38. Kg2 Qe2+ 39.
Kh3 Qh5+ 40. Kg2 Qe2+ 41. Kh3 Qh5+ 42. Kg2 Qe2+ 1/2-1/2

[Event "Live Chess"]
[Site "Chess.com"]
[Date "2023.05.21"]
[Round "-"]
[White "grillage"]
[Black "EdenHazard8"]
[Result "0-1"]
[WhiteElo "1831"]
[BlackElo "1999"]
[TimeControl "300"]
[EndTime "16:56:10 PDT"]
[Termination "EdenHazard8 won by resignation"]

1. d4 Nf6 2. Nc3 g6 3. Bf4 Bg7 4. e4 d6 5. Qd2 Nbd7 6. Nf3 c5 7.
d5 Ng4 8. O-O-O Nge5 9. h4 a6 10. h5 b5 11. hxg6 hxg6 12. Rxh8+ Bxh8 13. Nxe5 Nxe5 14. Be2 Bb7 15. Rh1 Bg7 16. Bg5 Qc7 17. f4 Nd7 18. f5 O-O-O 19. fxg6 fxg6 20. Bg4 Kb8 21. Rh7 Rg8 22. Be6 Bxc3 23. Qxc3 Rf8 24. Rxe7 Bc8 25. Qg7 Qa5 26. c3 Rf1+ 27. Kc2 Qa4+ 28.
Kd3 Qc4+ 29. Ke3 Ne5 30. Rb7+ Bxb7 31. Qg8+ Ka7 0-1

[Event "Live Chess"]
[Site "Chess.com"]
[Date "2023.05.21"]
[Round "-"]
[White "toog"]
[Black "manthanit"]
[Result "1-0"]
[WhiteElo "2582"]
[BlackElo "1044"]
[TimeControl "300"]
[EndTime "16:56:11 PDT"]
[Termination "toog won by resignation"]

1. e4 e6 2. d4 d5 3. e5 c5 4. c3 Nc6 5. Nf3 a6 6. a3 Qb6 7. b4 cxd4 8. cxd4 Nge7 9. Be2 Nf5 10. Bb2 a5 11. b5 Na7 12. Nc3 Bd7 13. Na4 Qd8 14. Qb3 Be7 15. O-O O-O 16. Rfc1 Rc8 17. Rxc8 Qxc8 18. Rc1 Qb8 19. Nc5 h6 20. Nxd7 Qd8 21. Nxf8 Bxf8 22. a4 Be7 23. Ba3 Kf8 24. Bd3 Qb6 25. Bxf5 exf5 26. Bxe7+ Kxe7 27. Qa3+ Kd8 28. Qf8+ Kd7 29. e6+ Qxe6 30. Ne5+ Qxe5 31. dxe5 1-0

[Event "Live Chess"]
[Site "Chess.com"]
[Date "2023.05.21"]
[Round "-"]
[White "SupremeTactician"]
[Black "HoarseyHorsey"]
[Result "1-0"]
[WhiteElo "2342"]
[BlackElo "1431"]
[TimeControl "300"]
[EndTime "16:56:12 PDT"]
[Termination "SupremeTactician won by resignation"]

1. e4 c5 2. Nf3 e6 3. d4 cxd4 4. Nxd4 Nf6 5. Nc3 Nc6 6. Nxc6 bxc6 7. Be3 Bb4 8. Bd3 d5 9. exd5 cxd5 10. Bd2 O-O 11. O-O Bb7 12. a3 Ba5 13. b4 Bc7 14.
Qf3 e5 15. Qh3 e4 16. Be2 d4 17. Nb5 Bb6 18. Bg5 a6 19. Nxd4 Qxd4 20. Rad1 Qe5 21. Qh4 Nd5 22. Bf4 Nxf4 23. Bc4 e3 24. fxe3 Nxg2 25.
Qg3 Nxe3 26. Qxe5 Ng4+ 27. Qd4 Bxd4+ 28. Rxd4 Nf6 29. Bb3 Be4 30. Rxf6 gxf6 31. Rxe4 Kh8 32. Rf4 Rg8+ 33. Kf2 Rad8 34. Rxf6 Rd2+ 35. Ke3 Rxh2 36. Rxa6 Rh3+ 37. Kf4 Rg6 38. Rxg6 hxg6 39. b5 Rh5 40. a4 Kg7 41. b6 Rc5 42. b7 Rf5+ 43. Ke4 1-0

[Event "Live Chess"]
[Site "Chess.com"]
[Date "2023.05.21"]
[Round "-"]
[White "LanceMaster23"]
[Black "NAZRIZ1977"]
[Result "1-0"]
[WhiteElo "1873"]
[BlackElo "2017"]
[TimeControl "300"]
[EndTime "16:56:14 PDT"]
[Termination "LanceMaster23 won by resignation"]

1. Nf3 g6 2. d4 Bg7 3. Bf4 Nf6 4. e3 O-O 5. h3 d5 6. Be2 c5 7. c3 Nc6 8. Qb3 Qb6 9. Nbd2 c4 10. Qc2 Nd7 11. O-O e5 12. dxe5 Ndxe5 13. Nxe5 Nxe5 14. Nf3 Nxf3+ 15. Bxf3 Be6 16. Rad1 Rfd8 17. Rd2 Qc5 18. Rfd1 b5 19. e4 a6 20. exd5 Bf5 21. Be4 Bxe4 22.
Qxe4 1-0

[Event "Live Chess"]
[Site "Chess.com"]
[Date "2023.05.21"]
[Round "-"]
[White "Conradical12"]
[Black "Shepherds_Pie"]
[Result "1-0"]
[WhiteElo "1598"]
[BlackElo "1912"]
[TimeControl "300"]
[EndTime "16:56:41 PDT"]
[Termination "Conradical12 won by resignation"]

1. e4 e6 2. Nf3 d5 3. exd5 exd5 4. d4 Nc6 5. c4 Nf6 6. Nc3 Be7 7. Bg5 dxc4 8. Bxc4 O-O 9. O-O Bg4 10.
Re1 Bxf3 11. Qxf3 Nxd4 12. Qxb7 Rb8 13. Qxa7 Rxb2 14. Rad1 c5 15. Qxe7 Qb6 16. Nb5 Ng4 17. Qxf7+ 1-0